 Dungeon Crawl Stone Soup version 0.20.1-1-g8b1a95d (webtiles) character file.

2256 Azo the Fighter (level 9, -13/82 HPs)
             Began as a Minotaur Gladiator on Sept 18, 2017.
             Was a Believer of Qazlal.
             Mangled by an eight-headed hydra (16 damage)
             ... on level 7 of the Dungeon.
             The game lasted 00:31:08 (6713 turns).

Azo the Fighter (Minotaur Gladiator)                Turns: 6713, Time: 00:31:08

Health: -13/82     AC:  5    Str: 19    XL:     9   Next: 15%
Magic:  10/10      EV: 16    Int:  5    God:    Qazlal [**....]
Gold:   361        SH:  2    Dex: 15    Spells: 7/8 levels left

rFire    . . .     SeeInvis .   l - +5 mace (crush)
rCold    + . .     Gourm    .   (no shield)
rNeg     + . .     Faith    .   D - +2 robe {MR+}
rPois    +         Spirit   .   c - +1 hat
rElec    .         Reflect  .   (no cloak)
rCorr    .         Harm     .   (no gloves)
MR       ++...                  (no boots)
Stlth    +.........             (no amulet)
Regen    0.3/turn               J - ring of Ejaing {rPois rC+ rN+ MR+}
MPRegen  0.2/turn               (no ring)

@: drained
A: retaliatory headbutt, horns 2
a: Upheaval, Renounce Religion


You were on level 7 of the Dungeon.
You worshipped Qazlal.
Qazlal was pleased with you.
You were near starving.

You visited 2 branches of the dungeon, and saw 8 of its levels.

You collected 361 gold pieces.

Inventory:

Hand Weapons
 l - a +5 mace of crushing (weapon)
Missiles
 a - a throwing net (quivered)
Armour
 c - a +1 hat (worn)
 D - a +2 robe of magic resistance (worn)
Magical Staves
 v - an uncursed staff of cold
Jewellery
 m - the ring of Rywn {rCorr rN+ MR+++ Int+2 Dex-2}
   (You took it off Duvessa on level 7 of the Dungeon)

   [ring of resist corrosion]

   It affects your intelligence (+2).
   It affects your dexterity (-2).
   It protects you from negative energy.
   It affects your resistance to hostile enchantments.
 q - a +2 ring of strength {unknown}
 J - the ring of Ejaing (left hand) {rPois rC+ rN+ MR+}
   (You found it on level 6 of the Dungeon)

   [ring of positive energy]

   It protects you from cold.
   It protects you from poison.
   It protects you from negative energy.
   It affects your resistance to hostile enchantments.
Wands
 d - a wand of digging (24/24)
 z - a wand of confusion (10/48)
 C - a wand of flame (26/48)
Scrolls
 h - 2 scrolls of fear
 i - 3 scrolls of teleportation
 k - a scroll of identify
 t - a scroll of enchant armour
 u - a scroll of recharging
 y - 2 scrolls of random uselessness {unknown}
 K - a scroll of magic mapping {unknown}
Potions
 e - 2 potions of curing
 j - a potion of resistance {unknown}
 r - a potion of mutation {unknown}
 w - a potion of degeneration {unknown}
 A - a potion of brilliance {unknown}
 B - a potion of agility {unknown}
 I - a potion of cancellation {unknown}
Books
 p - a book of Cantrips

   Spells                             Type                      Level
   a - Confusing Touch                Hexes                        1
   b - Animate Skeleton               Necromancy                   1
   c - Summon Small Mammal            Summoning                    1
   d - Apportation                    Translocation                1
 F - a book of Necromancy

   Spells                             Type                      Level
   a - Pain                           Necromancy                   1
   b - Animate Skeleton               Necromancy                   1
   c - Vampiric Draining              Necromancy                   3
   d - Regeneration                   Charms/Necromancy            3
   e - Animate Dead                   Necromancy                   4
   f - Control Undead                 Necromancy                   4
 G - a book of Air

   Spells                             Type                      Level
   a - Shock                          Conjuration/Air              1
   b - Swiftness                      Charms/Air                   2
   c - Static Discharge               Conjuration/Air              3
   d - Airstrike                      Air                          4
   e - Lightning Bolt                 Conjuration/Air              5
Comestibles
 f - 6 bread rations
 s - 7 fruits
 x - 3 meat rations
 E - 3 royal jellies


   Skills:
 * Level 8.5(8.4) Fighting
 + Level 7.4 Staves
 - Level 2.0(1.9) Throwing
 + Level 5.5 Armour
 + Level 6.5 Dodging
 + Level 2.8(2.7) Invocations
 + Level 3.1(3.0) Evocations


You had 7 spell levels left.
You knew the following spells:

 Your Spells              Type           Power        Failure   Level  Hunger
a - Apportation           Tloc           #.....       47%         1    ##.....


Dungeon Overview and Level Annotations

Branches:
Dungeon (7/15)             Temple (1/1) D:4

Altars:
Ashenzari
Cheibriados
Dithmenos
Elyvilon
Fedhas
Gozag
Hepliaklqana
Kikubaaqudgha
Makhleb
Nemelex Xobeh
Okawaru
Qazlal
Ru
Sif Muna
Trog
Uskayaw
Vehumet
Xom
Yredelemnul
Zin
The Shining One

Shops:
D:7 [


Innate Abilities, Weirdness & Mutations

You reflexively headbutt those who attack you in melee.
You have a pair of horns on your head.


Message History

The eight-headed hydra is moderately wounded.
You hit the eight-headed hydra. You headbutt the eight-headed hydra.
The eight-headed hydra is heavily wounded.
You sock the eight-headed hydra!
The eight-headed hydra is severely wounded.
The eight-headed hydra bites you!
The eight-headed hydra closely misses you.
The eight-headed hydra bites you. The eight-headed hydra bites you! x2
The eight-headed hydra bites you but does no damage.
The eight-headed hydra bites you. The eight-headed hydra misses you.
You sock the eight-headed hydra!
The eight-headed hydra is severely wounded.
The eight-headed hydra bites you! x2
* * * LOW HITPOINT WARNING * * *
The eight-headed hydra bites you!
* * * LOW HITPOINT WARNING * * *
The eight-headed hydra bites you!
* * * LOW HITPOINT WARNING * * *
The eight-headed hydra bites you!
You die...

.# #.....#..........# .#
#.....#..........#
.######.....#..........#
.#....#.....#..........#
.#....#.....########'####
.#....#.................#
##....#.................#
#..<..#...........§.....#
#.....###'##...D@.......#
##....##...#...§........#
##....##...#............#
##.........#............#
...........######'#.....#
......##...##.....#.....#
......##..)##.....#.....#
..................###'###
......................>#


You could see an eight-headed hydra (confused).

Vanquished Creatures
  Menkaure (D:5)
  A water moccasin (D:7)
  Duvessa (D:7)
  A sky beast (D:7)
  2 ogres
  A centaur (D:7)
  A bullfrog (D:6)
  A wyvern skeleton (D:7)
  A scorpion (D:7)
  Dowan (D:7)
  5 wights (D:6)
  2 howler monkeys (D:4)
  4 crimson imps
  5 orc priests
  A hound (D:4)
  9 orc wizards
  2 bullfrog skeletons
  2 iguanas
  4 worker ants
  A howler monkey zombie (D:5)
  Robin (D:1)
  13 adders
  A shadow imp (D:5)
  2 adder skeletons
  An adder zombie (D:5)
  5 worms
  A dart slug (D:1)
  5 leopard geckos
  20 orcs
  7 giant cockroaches
  19 goblins
  13 hobgoblins
  12 jackals
  8 kobolds
  4 quokkas
  6 bats
  4 frilled lizards
  A jackal skeleton (D:4)
  A leopard gecko skeleton (D:4)
  A quokka skeleton (D:5)
  A quokka zombie (D:5)
  9 rats
  2 bushes (Temple)
  3 plants (Temple)
186 creatures vanquished.

Notes
Turn   | Place    | Note
-------+----------+-------------------------------------------
     0 | D:1      | Azo the Minotaur Gladiator began the quest for the Orb.
     0 | D:1      | Reached XP level 1. HP: 18/18 MP: 0/0
    83 | D:1      | Reached XP level 2. HP: 19/25 MP: 1/1
   101 | D:1      | Reached skill level 1 in Armour
   281 | D:1      | Reached skill level 3 in Fighting
   610 | D:2      | Found a faded altar of an unknown god.
   611 | D:2      | Noticed Robin
   617 | D:1      | Reached XP level 3. HP: 23/31 MP: 2/2
   781 | D:1      | Killed Robin
   949 | D:2      | Reached XP level 4. HP: 33/38 MP: 3/3
  1866 | D:3      | Reached XP level 5. HP: 33/46 MP: 4/4
  2190 | D:3      | Reached skill level 4 in Fighting
  2216 | D:3      | Reached skill level 5 in Staves
  2552 | D:3      | Found a hide-covered altar of Uskayaw.
  2554 | D:3      | Found a snail-covered altar of Cheibriados.
  2554 | D:3      | Found a shimmering altar of Xom.
  2556 | D:3      | Found an opulent altar of Gozag.
  2556 | D:3      | Found a shattered altar of Ashenzari.
  2556 | D:3      | Found a bloodstained altar of Trog.
  2640 | D:4      | Reached XP level 6. HP: 53/53 MP: 5/5
  2688 | D:4      | Reached skill level 5 in Fighting
  3124 | D:4      | Learned a level 1 spell: Apportation
  3136 | D:4      | Reached XP level 7. HP: 62/62 MP: 6/6
  3136 | D:4      | Reached skill level 5 in Dodging
  3202 | D:4      | Reached skill level 1 in Evocations
  3204 | D:4      | Reached skill level 6 in Fighting
  3450 | D:4      | Found a staircase to the Ecumenical Temple.
  3456 | Temple   | Entered the Ecumenical Temple
  3555 | Temple   | Became a worshipper of Qazlal Stormbringer
  3942 | D:5      | Entered Level 5 of the Dungeon
  4017 | D:5      | Noticed Menkaure
  4193 | D:5      | Killed Menkaure
  4296 | D:5      | Reached XP level 8. HP: 68/71 MP: 8/8
  4557 | D:5      | Reached skill level 7 in Fighting
  4928 | D:6      | Reached skill level 1 in Invocations
  5081 | D:6      | Reached * piety under Qazlal
  5157 | D:6      | Got a faintly glowing platinum ring
  5204 | D:6      | Noticed a moth of wrath
  5207 | D:6      | Found a bloodstained altar of Trog.
  5717 | D:7      | Found Hoysosm's Armour Shop.
  5849 | D:7      | Reached skill level 5 in Armour
  5897 | D:7      | Noticed Dowan
  5922 | D:7      | Killed Dowan
  5922 | D:7      | Reached skill level 8 in Fighting
  5947 | D:7      | Reached ** piety under Qazlal
  6120 | D:7      | Noticed Duvessa
  6141 | D:7      | Killed Duvessa
  6141 | D:7      | Reached XP level 9. HP: 23/81 MP: 8/10
  6143 | D:7      | Got a bound granite ring
  6332 | D:7      | Noticed an eight-headed hydra
  6448 | D:6      | Identified the ring of Rywn {rCorr rN+ MR+++ Int+2 Dex-2} (You took it off Duvessa on level 7 of the Dungeon)
  6449 | D:6      | Identified the ring of Ejaing {rPois rC+ rN+ MR+} (You found it on level 6 of the Dungeon)
  6713 | D:7      | HP: 3/82 [eight-headed hydra (10)]
  6713 | D:7      | Mangled by an eight-headed hydra

Skill      XL: |  1  2  3  4  5  6  7  8  9 |
---------------+----------------------------+-----
Armour         | 1 2 3 4 5 |  5.5
Fighting       | 3 4 5 6 8 |  8.5
Staves         | 4 5 6 7 |  7.4
Dodging        | 4 5 6 |  6.5
Evocations     | 2 3 |  3.1
Invocations    | 2 |  2.8
Throwing       | |  2.0

Action                   |  1- 3 |  4- 6 |  7- 9 || total
-------------------------+-------+-------+-------++-------
Melee: Quarterstaff      |    53 |       |       ||    53
       Headbutt          |    13 |    17 |    63 ||    93
       Mace              |    16 |   117 |   266 ||   399
Throw: Throwing net      |       |     1 |     5 ||     6
Evoke: Wand              |       |       |     1 ||     1
  Use: Scroll            |       |       |    13 ||    13
       Potion            |       |       |     3 ||     3
 Stab: Sleeping          |       |     2 |     1 ||     3
       Held in net/web   |       |       |     3 ||     3
  Eat: Chunk             |       |     7 |    10 ||    17
Armor: Leather armour    |    19 |     9 |       ||    28
       Robe              |       |     5 |    20 ||    25
       Skin              |       |       |    12 ||    12
Dodge: Dodged            |    67 |    98 |   112 ||   277
Block: Other             |       |       |     4 ||     4
